Map: Jagannatha LE

Players

IIIIIIIIIIII - Winner!

  • Race: Protoss Protoss
  • League: Master
  • Spawn Location: 7:00

MarcoMan

  • Race: Protoss Protoss
  • League: Master
  • Spawn Location: 1:00

VOD

Have the link to the VOD?

Description

Time

  • Played on: Jan. 18, 2021, 7:40 p.m.
  • Length: 7:25
Show
View Real Time Build Order
Export as new Build Order

IIIIIIIIIIII Protoss - Winner!

Build Orders:  

Get SALT Encoding   

  12  0:00  Probe  
  13  0:12  Probe  
  14  0:18  Pylon  
  14  0:24  Probe (Chrono Boost)  
  15  0:37  Gateway, Probe (Chrono Boost)  
  16  0:45  Probe (Chrono Boost)  
  16  0:46  Assimilator  
  17  0:51  Probe  
  17  0:55  Assimilator  
  18  1:03  Probe (Chrono Boost)  
  19  1:13  Probe (Chrono Boost)  
  19  1:15  Gateway  
  19  1:18  Probe (Chrono Boost)  
  20  1:25  Cybernetics Core  
  21  1:29  Probe  
  22  1:36  Pylon  
  22  1:41  Probe  
  23  1:54  Probe  
  24  2:02  Stalker  
  24  2:03  Sentry, Warp Gate  
  24  2:06  Probe  
  29  2:14  Pylon  
  29  2:18  Probe  
  30  2:25  Pylon  
  30  2:39  Stalker x2  
  34  3:03  Shield Battery  
  34  3:13  Nexus  
  34  3:14  Shield Battery  
  34  3:36  Stalker x2  
  34  3:37  Pylon  
  38  3:43  Probe  
  39  3:48  Forge  
  39  3:57  Probe  
  39  3:59  Pylon  
  40  4:11  Probe (Chrono Boost)  
  41  4:21  Protoss Ground Weapons Level 1 (Chrono Boost), Stalker  
  41  4:22  Probe (Chrono Boost)  
  41  4:23  Stalker  
  46  4:29  Probe (Chrono Boost)  
  48  4:32  Probe (Chrono Boost)  
  48  4:37  Probe (Chrono Boost)  
  49  4:40  Probe (Chrono Boost)  
  49  4:42  Twilight Council  
  51  4:46  Probe (Chrono Boost)  
  51  4:52  Probe (Chrono Boost)  
  52  4:55  Probe (Chrono Boost)  
  51  5:13  Probe (Chrono Boost)  
  51  5:14  Stalker x2  
  54  5:15  Probe (Chrono Boost)  
  54  5:18  Gateway  
  54  5:20  Blink (Chrono Boost)  
  56  5:25  Probe (Chrono Boost)  
  58  5:28  Probe (Chrono Boost)  
  58  5:31  Probe (Chrono Boost)  
  60  5:38  Gateway  
  59  5:44  Stalker x2  
  59  5:46  Probe (Chrono Boost)  
  64  5:57  Phoenix  
  64  6:03  Probe x2  
  66  6:08  Assimilator  
  66  6:10  Stalker x2  
  70  6:16  Pylon  
  70  6:17  Pylon  
  70  6:23  Pylon  
  70  6:34  Stalker x4  
  70  6:39  Pylon  
  78  6:42  Pylon  
  78  6:58  Stalker x4  
  86  7:02  Probe x2  
  88  7:15  Pylon  
  84  7:24  Stalker x3  
  84  7:25  Stalker  
Show
View Real Time Build Order
Export as new Build Order

MarcoMan Protoss 

Build Orders: Oracle Opening 

Get SALT Encoding   

  12  0:01  Probe  
  13  0:13  Probe  
  14  0:19  Pylon  
  14  0:25  Probe  
  15  0:37  Probe  
  15  0:39  Gateway  
  16  0:49  Probe  
  17  0:50  Assimilator  
  17  0:58  Assimilator  
  17  1:01  Probe  
  18  1:13  Probe  
  19  1:20  Gateway  
  19  1:25  Probe  
  19  1:30  Cybernetics Core  
  20  1:38  Probe  
  21  1:41  Pylon  
  21  1:50  Probe  
  22  2:05  Adept x2 (Chrono Boost)  
  26  2:09  Warp Gate  
  26  2:13  Pylon  
  26  2:34  Stalker x2  
  30  2:45  Stargate  
  30  2:54  Probe  
  31  3:06  Probe  
  32  3:24  Nexus  
  32  3:29  Shield Battery  
  32  3:32  Oracle (Chrono Boost)  
  32  3:41  Probe  
  36  3:53  Probe  
  37  3:58  Adept  
  37  4:02  Pylon  
  39  4:13  Twilight Council  
  39  4:20  Probe  
  40  4:32  Probe (Chrono Boost)  
  40  4:37  Probe (Chrono Boost)  
  42  4:44  Probe (Chrono Boost)  
  43  4:47  Probe (Chrono Boost)  
  43  4:48  Stalker, Forge  
  43  4:49  Probe (Chrono Boost)  
  43  4:52  Probe (Chrono Boost)  
  47  4:59  Probe  
  49  5:02  Blink (Chrono Boost)  
  49  5:03  Probe  
  48  5:13  Probe  
  47  5:15  Probe  
  48  5:22  Robotics Facility  
  48  5:23  Protoss Ground Weapons Level 1 (Chrono Boost)  
  48  5:25  Probe  
  48  5:27  Probe  
  48  5:28  Stalker  
  52  5:36  Stalker, Pylon  
  52  5:37  Probe  
  52  5:40  Probe  
  56  5:49  Probe  
  57  5:52  Probe  
  58  6:01  Probe  
  59  6:05  Stalker, Nexus  
  59  6:06  Stalker  
  59  6:10  Assimilator  
  63  6:12  Observer  
  63  6:13  Assimilator  
  63  6:16  Photon Cannon  
  64  6:22  Photon Cannon  
  64  6:31  Stalker x2  
  68  6:33  Observer  
  68  6:34  Probe  
  68  6:39  Pylon  
  70  6:50  Pylon  
  70  6:57  Probe x2  
  70  6:58  Stalker x2  
  76  7:07  Pylon  
  80  7:09  Probe  
  80  7:10  Gateway  
Tags
 
Matchup
PvP
Replay Pack
Weekend
Spawn Locations
Cross Positions
Add a new tag
Caveats
  • Supply blocks, unpowered buildings, or Contaminate may cause inaccurate times.
  • Supply counts are checked every 10 seconds.